 Dungeon Crawl Stone Soup version 0.26.1-11-gd32895ea62 (webtiles) character file.

Game seed: 7151135295511504766

45427 raph the Summoner (level 14, 0/83 (84) HPs)
             Began as a Deep Elf Ice Elementalist on Apr 26, 2021.
             Was a High Priest of Sif Muna.
             Hit by a silver javelin thrown by a minotaur (11 damage)
             ... in a Gauntlet.
             The game lasted 01:13:37 (33264 turns).

raph the Summoner (Deep Elf Ice Elementalist)      Turns: 33264, Time: 01:13:38

HP:   0/83 (84)     AC: 23    Str:  6    XL:     14   Next: 1%
MP:   27/40         EV: 22    Int: 25    God:    Sif Muna [*****.]
Gold: 260           SH:  0    Dex: 21    Spells: 4/36 levels left

rFire    . . .     SeeInvis .   b - +1 longbow (flame)
rCold    . . .     Faith    .   (shield currently unavailable)
rNeg     + . .     Spirit   .   h - +1 robe {rN+}
rPois    .         Reflect  .   n - +2 helmet
rElec    .         Harm     .   P - +1 cloak
rCorr    .         Rampage  .   p - +2 pair of gloves
Will     +....     NoTele   +   v - +1 pair of boots
Stlth    +++++.....             H - amulet of the acrobat
HPRegen  0.23/turn              w - ring of magical power
MPRegen  0.27/turn              j - +6 ring of dexterity

@: icy armour, lightly drained
A: no striking features
a: Renounce Religion, Channel Magic, Forget Spell, Divine Exegesis


You were in a Gauntlet.
You worshipped Sif Muna.
Sif Muna was extremely pleased with you.
You visited 3 branches of the dungeon, and saw 21 of its levels.
You also visited: Gauntlet and Ice Cave.

You collected 1319 gold pieces.
You spent 1059 gold pieces at shops.

Inventory:

Hand Weapons
 a - a +0 quarterstaff
 b - a +1 longbow of flaming (weapon)
 c - a +0 short sword
 z - a +1 short sword of freezing
 B - a +0 rapier
 Q - a +0 shortbow
 R - the +1 short sword of Tender Mercy {vorpal, rC+ MP+9 Dex-4}
   (You found it on level 5 of the Lair of Beasts)

   It inflicts extra damage upon your enemies.
   It affects your dexterity (-4).
   It protects you from cold.
   It affects your magic capacity (+9).
Missiles
 C - 297 arrows (quivered ammo)
Armour
 h - a +1 robe of positive energy (worn)
 n - a +2 helmet (worn)
 p - a +2 pair of gloves (worn)
 r - a +1 cloak
 v - a +1 pair of boots (worn)
 P - a +1 cloak (worn)
Magical Staves
 Z - an uncursed staff of air
Jewellery
 i - an uncursed ring of flight
 j - a +6 ring of dexterity (right hand)
 t - an uncursed ring of stealth
 w - a ring of magical power (left hand)
 F - an uncursed ring of protection from fire
 H - an amulet of the acrobat (around neck)
 I - an uncursed ring of poison resistance
 L - an uncursed ring of protection from fire
 U - an uncursed amulet of magic regeneration
 Y - the amulet of Egrodaaza {Acrobat Int+3, unknown}
   (You found it in a Gauntlet)

   [amulet of the acrobat]

   It helps you evade while moving and waiting.
   It affects your intelligence (+3).
Wands
 g - a wand of random effects (41)
 y - a wand of flame (12)
 D - a wand of paralysis (31)
 K - a wand of acid (12)
Scrolls
 d - 5 scrolls of remove curse
 l - 3 scrolls of blinking
 s - 8 scrolls of teleportation
 E - a scroll of fear
 G - 2 scrolls of fog
 O - a scroll of magic mapping
 T - 5 scrolls of identify
Potions
 e - 4 potions of mutation
 f - 2 potions of ambrosia
 k - 3 potions of cancellation
 m - 6 potions of attraction
 o - 4 potions of haste
 q - 2 potions of lignification
 u - 7 potions of curing
 x - 2 potions of berserk rage
 A - 3 potions of brilliance
 J - 5 potions of invisibility
 M - 4 potions of magic
 N - 2 potions of flight
 W - a potion of might
 X - a potion of heal wounds
Miscellaneous
 S - a phantom mirror
 V - a lightning rod (4/4)


   Skills:
 + Level 8.0 Fighting
 * Level 5.2 Bows
 + Level 10.9 Dodging
 + Level 9.6 Stealth
 + Level 11.5 Spellcasting
 * Level 12.5 Summonings
 - Level 12.1 Ice Magic
 + Level 9.3 Invocations


You had 4 spell levels left.
You knew the following spells:

 Your Spells              Type           Power        Failure   Level
a - Freeze                Ice            100%         1%          1
b - Frozen Ramparts       Ice            100%         1%          3
c - Ozocubu's Armour      Ice            66%          1%          3
d - Summon Ice Beast      Ice/Summ       66%          1%          4
e - Hailstorm             Conj/Ice       44%          3%          4
f - Mephitic Cloud        Conj/Pois/Air  14%          13%         3
g - Summon Forest         Summ/Tloc      22%          9%          5
h - Dazzling Flash        Conj/Hex       28%          13%         3
i - Blink                 Tloc           N/A          6%          2
j - Summon Lightning Spi  Summ/Air       45%          3%          4

Your spell library contained the following spells:

 Spells                   Type           Power        Failure   Level
 Summon Small Mammal      Summ           100%         1%          1
 Call Imp                 Summ           67%          1%          2
 Ensorcelled Hibernation  Hex/Ice        88%          1%          2
 Call Canine Familiar     Summ           67%          1%          3
 Summon Guardian Golem    Hex/Summ       45%          1%          3
 Corona                   Hex            15%          4%          1
 Foxfire                  Conj/Fire      56%          4%          1
 Magic Dart               Conj           56%          4%          1
 Shock                    Conj/Air       56%          4%          1
 Sting                    Tmut/Pois      56%          4%          1
 Poisonous Vapours        Pois/Air       28%          6%          2
 Slow                     Hex            14%          6%          2
 Confusing Touch          Hex            14%          13%         3
 Conjure Flame            Conj/Fire      14%          13%         3
 Gell's Gravitas          Tloc           7%           13%         3
 Ignite Poison            Fire/Tmut/Pois 14%          13%         3
 Lesser Beckoning         Tloc           7%           13%         3
 Static Discharge         Conj/Air       14%          13%         3
 Stone Arrow              Conj/Erth      28%          13%         3
 Teleport Other           Tloc           14%          13%         3
 Tukima's Dance           Hex            14%          13%         3
 Cause Fear               Hex            7%           38%         4
 Olgreb's Toxic Radiance  Pois           14%          38%         4
 Passage of Golubria      Tloc           N/A          38%         4
 Petrify                  Tmut/Erth      14%          38%         4
 Monstrous Menagerie      Summ           33%          21%         7
 Summon Greater Demon     Summ           33%          21%         7
 Haunt                    Necr/Summ      22%          95%         7
 Malign Gateway           Summ/Tloc      22%          95%         7
 Dragon Form              Tmut           7%           100%        7
 Dragon's Call            Summ           33%          100%        9


Dungeon Overview and Level Annotations

Branches:
Dungeon (14/15)            Temple (0/1) D:6            Lair (5/6) D:9
  Swamp (0/4) Lair:3        Snake (0/4) Lair:3        Slime (0/5) Lair:5
    Orc (2/2) D:10          IceCv (visited)         Gauntlet (1/1)
    Elf: Orc:2       Vaults: D:13-14

Altars:
Cheibriados
Dithmenos
Fedhas
Gozag
Makhleb
Okawaru
Sif Muna
Uskayaw
Vehumet
Wu Jian
Xom

Shops:
D:5 [   D:8 (   D:10 (   D:11 }   D:12 *   D:14 [

Annotations:
D:9 2 transporters, ZZKoverts's ghost, journeyman DECj
Lair:4 2 transporters
Orc:1 Donald Gauntlet 6 transporters, 2 runed translucent doors


Message History

The minotaur throws a silver javelin.
The silver javelin closely misses you.
Your lightning spire shoots out a bolt of lightning at the minotaur!
The bolt of electricity hits the minotaur!
Found a silver javelin.
Found a gate leading back out of this place.
Casting: Blink (safe; 6% risk of failure)
Confirm with . or Enter, or press ? or * to list all spells.
A film of ice covers your body!
The minotaur throws a silver javelin.
The silver javelin barely misses you.
Your lightning spire shoots out a bolt of lightning at the minotaur!
The bolt of electricity hits the minotaur.
Unknown command.
You shoot an arrow. The arrow closely misses the minotaur.
The minotaur throws a silver javelin.
The silver javelin completely misses you.
You shoot an arrow. The arrow barely misses the minotaur.
The minotaur throws a silver javelin.
The silver javelin pierces through you!!!
* * * LOW HITPOINT WARNING * * *
You die...

#.#.#######.#.##
# #....#....#.#
#.#.##8#.##.#.#
#......(......#
#.#..##'##..#.#
# #8H8#..#.#
#...#....#
#8.8#.8###
#[@[#### #8.8#
#!.}# #8∩8#
#####


You could see a minotaur and a friendly lightning spire (summoned).

Vanquished Creatures
  5 hydras
  3 two-headed ogres
  A tengu warrior (D:11)
  5 unseen horrors
  An orc sorcerer (D:10)
  An ugly thing (D:7)
  2 deep elf magi
  A wolf spider (D:11)
  3 manticores
  5 elephants
  A gargoyle (D:14)
  A torpor snail (Lair:4)
  9 cane toads
  2 rime drakes
  An efreet (D:13)
  5 komodo dragons
  5 trolls
  A polar bear (Lair:1)
  4 blink frogs
  2 dream sheep (Lair:4)
  A tarantella (shapeshifter) (D:13)
  4 wyverns
  3 basilisks
  A steam dragon (D:9)
  22 yaks
  A fire elemental (D:13)
  A warg (Orc:1)
  4 vampire mosquitoes
  A swamp worm (Lair:2)
  A soldier ant (D:12)
  Duvessa (D:6)
  10 water moccasins
  An ice beast (D:13)
  4 sky beasts
  10 orc warriors
  A necrophage (D:6)
  3 black bears
  2 phantoms
  5 wolves
  9 ogres
  5 centaurs
  2 big kobolds
  15 bullfrogs
  7 gnoll sergeants (D:10)
  A water moccasin skeleton (D:8)
  4 scorpions
  17 killer bees
  3 howler monkeys (D:12)
  2 wights (D:8)
  A bullfrog zombie (D:7)
  A quasit (D:9)
  2 bullfrog skeletons (D:11)
  2 centaur skeletons
  6 jellies
  Crazy Yiuf (D:3)
  9 orc priests
  A gnoll shaman (D:7)
  5 hounds
  12 orc wizards
  2 iguanas
  15 worker ants
  A hound skeleton (D:4)
  2 worker ant zombies
  8 gnolls
  15 adders
  2 shadow imps
  7 white imps
  An ufetubus (D:9)
  2 adder skeletons (D:4)
  6 worms
  A dart slug (D:3)
  5 leopard geckos
  64 orcs
  A ball python (D:5)
  4 giant cockroaches
  3 goblins
  7 hobgoblins
  7 jackals
  A quokka (D:4)
  4 bats
  5 frilled lizards
  A jackal skeleton (D:4)
  12 kobolds
  A leopard gecko skeleton (D:6)
  A quokka skeleton (D:4)
  8 rats
425 creatures vanquished.

Vanquished Creatures (collateral kills)
  5 hydras
  A boulder beetle (D:13)
  A catoblepas (Lair:5)
  A death knight (D:11)
  A spectral death yak (Gauntlet)
  2 oklob plants (Lair:4)
  7 elephants
  An ugly thing (D:11)
  A cane toad (Lair:1)
  A rime drake (Lair:2)
  A queen bee (Gauntlet)
  2 nameless horrors
  Grinder (D:5)
  3 blink frogs (Lair:3)
  A vampire (D:11)
  A wyvern (Lair:5)
  10 yaks
  Eustachio (D:6)
  2 basilisks
  A vampire mosquito (D:11)
  Menkaure (D:5)
  A swamp worm (Lair:2)
  Edmund (D:5)
  2 nagas (Lair:3)
  2 black bears
  3 ice beasts
  An orc warrior (D:10)
  A sky beast (D:9)
  2 necrophages
  A phantom (D:8)
  An ogre (D:6)
  2 centaurs
  A big kobold (D:12)
  Blork the orc (D:5)
  5 bullfrogs
  A gnoll sergeant (D:3)
  A wyvern zombie (D:4)
  Dowan (D:6)
  9 wights (D:8)
  2 electric eels
  A hound (D:4)
  2 orc priests
  A bullfrog skeleton (D:10)
  A centaur skeleton (D:5)
  3 jellies (Lair:5)
  A gnoll shaman (D:10)
  An iguana (D:9)
  2 orc wizards
  2 worker ants
  A killer bee zombie (D:4)
  2 worker ant zombies (D:11)
  An adder (D:6)
  2 gnolls (D:10)
  11 white imps (Lair:2)
  2 ufetubi
  4 oozes (Lair:5)
  2 adder zombies
  An adder skeleton (D:8)
  2 leopard geckos
  11 orcs
  2 kobolds (D:12)
  A leopard gecko zombie (D:5)
  A quokka skeleton (D:8)
  A quokka zombie (D:5)
141 creatures vanquished.

Vanquished Creatures (others)
  A human (D:14)
  20 demonic plants (Gauntlet)
  73 fungi
  53 plants
147 creatures vanquished.

Grand Total: 713 creatures vanquished

Notes
Turn   | Place    | Note
-------+----------+-------------------------------------------
     0 | D:1      | raph the Deep Elf Ice Elementalist began the quest for the
                  | Orb.
     0 | D:1      | Reached XP level 1. HP: 10/10 MP: 6/6
   701 | D:1      | Reached XP level 2. HP: 15/15 MP: 5/8
   797 | D:1      | Reached skill level 5 in Ice Magic
   879 | D:1      | You fall into a shaft and drop 1 floor!
  1067 | D:2      | Reached XP level 3. HP: 19/19 MP: 4/9
  1076 | D:2      | Learned a level 3 spell: Frozen Ramparts
  1080 | D:2      | Learned a level 3 spell: Ozocubu's Armour
  1862 | D:2      | You fall into a shaft and drop 1 floor!
  2641 | D:2      | Found a faded altar of an unknown god.
  2682 | D:2      | Reached XP level 4. HP: 20/24 MP: 3/10
  3610 | D:3      | Found a blossoming altar of Fedhas.
  3694 | D:3      | Found a transporter.
  3843 | D:3      | Noticed a gnoll sergeant
  3844 | D:3      | Found an opulent altar of Gozag.
  3844 | D:3      | Found a radiant altar of Vehumet.
  3883 | D:3      | Found a runed translucent door.
  4017 | D:3      | Noticed Crazy Yiuf
  4034 | D:3      | HP: 1/24 [Crazy Yiuf/+3 quarterstaff of chaos (1)]
  4035 | D:3      | Killed Crazy Yiuf
  4036 | D:3      | Reached XP level 5. HP: 5/28 MP: 8/11
  4535 | D:3      | Found a transporter.
  5353 | D:3      | Reached XP level 6. HP: 8/32 MP: 8/12
  5358 | D:3      | Learned a level 4 spell: Summon Ice Beast
  5872 | D:4      | Noticed a nameless horror
  6215 | D:4      | Reached skill level 1 in Summonings
  6855 | D:4      | Found Lammu's General Store.
  6964 | D:4      | Found a shimmering blue altar of Sif Muna.
  6972 | D:4      | Became a worshipper of Sif Muna the Loreminder
  6987 | D:4      | Reached XP level 7. HP: 36/36 MP: 2/13
  7073 | D:4      | Identified Sif Muna's Almanac of Attacks
  7126 | D:4      | You are sucked into a shaft and drop 1 floor!
  7126 | D:5      | Entered Level 5 of the Dungeon
  7616 | D:5      | Noticed Grinder
  7636 | D:5      | Killed Grinder
  8046 | D:5      | Reached skill level 5 in Fighting
  8046 | D:5      | Reached skill level 10 in Ice Magic
  8046 | D:5      | Reached XP level 8. HP: 49/49 MP: 11/20
  8287 | D:5      | Noticed Edmund
  8302 | D:5      | Killed Edmund
  8434 | D:5      | Noticed Menkaure
  8442 | D:5      | Killed Menkaure
  8931 | D:5      | Found Paizom's Armour Emporium.
  8936 | D:5      | Bought a cursed +0 pair of boots for 15 gold pieces
  8979 | D:5      | Noticed Blork the orc
  8989 | D:5      | Killed Blork the orc
  9119 | D:6      | Noticed Eustachio
  9139 | D:6      | Reached skill level 1 in Invocations
  9311 | D:6      | Found a shimmering altar of Xom.
  9311 | D:6      | Noticed Duvessa
  9313 | D:6      | Noticed Dowan
  9387 | D:5      | Learned a level 4 spell: Hailstorm
  9393 | D:6      | Killed Dowan
  9402 | D:6      | Killed Duvessa
  9403 | D:6      | Reached XP level 9. HP: 49/54 MP: 5/21
  9631 | D:6      | Found an iron altar of Okawaru.
  9884 | D:6      | Killed Eustachio
  9893 | D:6      | Reached * piety under Sif Muna
 10380 | D:6      | Found a staircase to the Ecumenical Temple.
 10892 | D:7      | Found a blossoming altar of Fedhas.
 11020 | D:7      | Found a snail-covered altar of Cheibriados.
 11022 | D:7      | Found a burning altar of Makhleb.
 11056 | D:7      | Noticed a brown ugly thing
 11071 | D:7      | Killed a brown ugly thing
 11208 | D:7      | Reached ** piety under Sif Muna
 12066 | D:8      | Found Watairi's Antique Weapon Shoppe.
 12195 | D:8      | Reached XP level 10. HP: 60/60 MP: 19/22
 12474 | D:8      | Found an ornate altar of the Wu Jian Council.
 13386 | D:8      | Reached *** piety under Sif Muna
 13595 | D:8      | Noticed a deep elf mage
 13600 | D:8      | Killed a deep elf mage
 13880 | D:8      | Found a shadowy altar of Dithmenos.
 13991 | D:9      | Found a staircase to the Lair.
 13997 | D:9      | Reached skill level 5 in Stealth
 14170 | D:9      | Noticed a +0 hand axe
 14171 | D:9      | Noticed a +0 hand axe
 14247 | D:9      | Found a hide-covered altar of Uskayaw.
 14568 | D:9      | Reached skill level 5 in Invocations
 14783 | D:9      | Noticed a deep troll earth mage
 14784 | D:9      | Found a transporter.
 14787 | D:9      | Noticed ZZKoverts's ghost (journeyman DECj)
 14800 | D:9      | Found a transporter.
 14802 | D:9      | Reached **** piety under Sif Muna
 15062 | D:9      | Reached XP level 11. HP: 59/64 MP: 14/25
 15441 | Lair:1   | Entered Level 1 of the Lair of Beasts
 15684 | Lair:1   | Noticed a five-headed hydra
 15704 | Lair:1   | Killed a five-headed hydra
 16415 | Lair:1   | Learned a level 3 spell: Mephitic Cloud
 17714 | Lair:2   | Noticed a seven-headed hydra
 17727 | Lair:2   | Killed a seven-headed hydra
 18101 | Lair:2   | Found a frozen archway.
 18131 | Lair:2   | Reached ***** piety under Sif Muna
 18131 | Lair:2   | Identified Qerumeis's Guide on Creative Conjuration (Sif
                  | Muna gifted it to you on level 2 of the Lair of Beasts)
 18131 | Lair:2   | Received a gift from Sif Muna
 18275 | IceCv    | Entered an ice cave
 18507 | Lair:2   | Learned a level 5 spell: Summon Forest
 18736 | Lair:2   | Reached skill level 10 in Dodging
 19030 | Lair:2   | Noticed a five-headed hydra
 19040 | Lair:2   | Killed a five-headed hydra
 19041 | Lair:2   | Reached XP level 12. HP: 71/71 MP: 22/27
 19765 | Lair:3   | Found a staircase to the Swamp.
 20697 | Lair:3   | Found a staircase to the Snake Pit.
 21549 | Lair:4   | Found a transporter.
 21668 | Lair:4   | Found a transporter.
 22071 | Lair:4   | Noticed a seven-headed hydra
 22081 | Lair:4   | Killed a seven-headed hydra
 22945 | Lair:5   | Reached skill level 10 in Spellcasting
 23054 | Lair:5   | Noticed a four-headed hydra
 23087 | Lair:5   | Killed a four-headed hydra
 23111 | Lair:5   | Reached skill level 10 in Summonings
 23372 | Lair:5   | Got a crystal short sword
 23373 | Lair:5   | Identified the cursed +1 short sword of Tender Mercy
                  | {vorpal, rC+ MP+9 Dex-4} (You found it on level 5 of the
                  | Lair of Beasts)
 23442 | Lair:5   | Noticed a seven-headed hydra
 23453 | Lair:5   | Killed a seven-headed hydra
 24249 | Lair:5   | Noticed a catoblepas
 24255 | Lair:5   | Found a staircase to the Slime Pits.
 24266 | Lair:5   | Killed a catoblepas
 24267 | Lair:5   | Reached XP level 13. HP: 68/76 MP: 29/29
 24267 | Lair:5   | Identified Sif Muna's Volume of Ashen Moulding (Sif Muna
                  | gifted it to you on level 5 of the Lair of Beasts)
 24267 | Lair:5   | Received a gift from Sif Muna
 24319 | Lair:5   | Learned a level 3 spell: Dazzling Flash
 24370 | Lair:5   | Learned a level 2 spell: Blink
 24471 | Lair:5   | Noticed a dire elephant
 24810 | D:10     | Entered Level 10 of the Dungeon
 24814 | D:10     | Found Zafa's Weapon Boutique.
 25510 | D:10     | Found a staircase to the Orcish Mines.
 25798 | Orc:1    | Entered Level 1 of the Orcish Mines
 25808 | Orc:1    | Paralysed by an orc sorcerer for 2 turns
 26857 | D:10     | Paralysed by an orc sorcerer for 6 turns
 26868 | D:10     | Paralysed by an orc sorcerer for 4 turns
 26873 | D:10     | Paralysed by an orc sorcerer for 2 turns
 27301 | Orc:2    | Entered Level 2 of the Orcish Mines
 27434 | Orc:2    | Noticed Donald
 28251 | D:11     | Learned a level 4 spell: Summon Lightning Spire
 28252 | D:11     | Found Cogal's Gadget Emporium.
 28255 | D:11     | Bought a phantom mirror for 680 gold pieces
 28683 | D:11     | Got a pitted dire flail
 28684 | D:11     | Identified the +1 dire flail "Gorinkeh" {spect, *Noise
                  | +Blink rElec Dex+3} (You found it on level 11 of the
                  | Dungeon)
 29013 | D:11     | Reached skill level 1 in Bows
 29312 | D:11     | Received a gift from Sif Muna
 30756 | D:12     | Found Lueh's Assorted Antiques.
 30759 | D:12     | Bought a scroll labelled YLEELO KASAPT for 28 gold pieces
 30759 | D:12     | Bought a twisted jewelled staff for 336 gold pieces
 32457 | D:14     | Reached skill level 5 in Bows
 32652 | D:14     | Found Nuic's Armour Shop.
 32690 | D:14     | Found a gate leading to a gauntlet.
 32708 | Gauntlet | Entered a Gauntlet
 32708 | Gauntlet | Found a transporter.
 32708 | Gauntlet | Found a transporter.
 32708 | Gauntlet | Found a transporter.
 32718 | Gauntlet | Found a transporter.
 32721 | Gauntlet | Found a transporter.
 32725 | Gauntlet | Found a runed translucent door.
 32725 | Gauntlet | Found a runed translucent door.
 32729 | Gauntlet | Found a transporter.
 32732 | Gauntlet | Found a transporter.
 32740 | Gauntlet | Found a transporter.
 32758 | Gauntlet | Found a transporter.
 32763 | Gauntlet | Found a transporter.
 32766 | Gauntlet | Found a transporter.
 32776 | Gauntlet | Found a transporter.
 32983 | Gauntlet | Reached XP level 14. HP: 56/84 MP: 31/31
 33153 | Gauntlet | Got a wavering ruby amulet
 33251 | Gauntlet | Identified the +8 shortbow of Popoifa {venom, rN++}
 33264 | Gauntlet | Hit by a silver javelin thrown by a minotaur

Illustrated notes

Levels and vault maps discovered:
D:1:      minmay_arrival_doors, layout_basic
D:2:      layout_basic, chequers_ecumenical_altar_lobes
D:3:      layout_rooms, gammafunk_temple_overflow_arena, fedhas_ov_isle_minmay,
          overflow_temple_1_default, uniq_crazy_yiuf_cottage
D:4:      layout_cave_pools, led_sif_book, serial_shops, shop
D:5:      layout_basic, serial_shops, shop_fountains, uniq_menkaure,
          uniq_grinder, uniq_edmund, uniq_blork_the_orc
D:6:      layout_loops_cross, okawaru_trees_1, minmay_temple_entry_butterflies,
          basic_altar, uniq_duvessa, uniq_eustachio
D:7:      layout_loops_ring, nicolae_overflow_hidden_temple,
          minmay_misc_feat_four_crosses, lemuel_altar_in_water
D:8:      minmay_cornered_nines, layout_rooms, grunt_dithmenos_shadows,
          nzn_wu_jian_council_hall, serial_shops, shop
D:9:      kennysheep_blocky_room, layout_basic, dancing_weapons_uskayaw,
          lair_entry_dummy, gammafunk_ghost_arena, minivault_4
D:10:     layout_cave_pools, kennysheep_orc_monster_closet_entryway,
          serial_shops, shop
D:11:     layout_rooms, serial_shops, shop, minmay_pinched_square
D:12:     layout_stronghold, serial_shops, nicolae_shop_behind_doors
D:13:     layout_basic, kennysheep_cross_room
D:14:     layout_roguey [special_room_mythical_zoo], ximxim_vaults_locker_room,
          serial_shops, nicolae_shop_overgrown_old_shop, shop, shop,
          nicolae_shop_crystal, gauntlet_entry_generic,
          hangedman_abyss_or_decor_lesser_grid
Lair:1:   layout_layer_cave, beast_lair_carwin_9
Lair:2:   layout_chaotic_city, portal_ice_cave_entry_imps,
          infiniplex_staircase_pool_2
Lair:3:   layout_small_grid, minmay_swamp_entry_worms,
          minmay_snake_entry_guardpost_small
Lair:4:   gammafunk_cloud_chamber, layout_cave_shapes, serial_bayou_pond_a,
          grunt_megastairs_1, serial_bayou_shore_a, infiniplex_staircase_pool,
          lemuel_fruit_fields, minmay_lair_oklob_chamber
Lair:5:   mu_elephants_graveyard, layout_long_grid,
          nicolae_slime_entry_slimehenge
Orc:1:    layout_caves, basic_altar, minmay_orc_treasury
Orc:2:    pubby_orc_utopia, serial_shops, uniq_urug, uniq_donald
Gauntlet: minmay_gauntlet_mixed_big_or_small [nicolae_gauntlet_swirl,
          minmay_gauntlet_arena_77_hold_the_fort,
          gammafunk_gauntlet_arena_hedges, minmay_gauntlet_arena_77_shame_cube,
          nicolae_gauntlet_arena_flowing_pool,
          minmay_gauntlet_arena_77_tiled_triplets,
          nicolae_gauntlet_exit_dead_adventurers]

Skill      XL: |  1  2  3  4  5  6  7  8  9 10 11 12 13 |
---------------+----------------------------------------+-----
Ice Magic      | 5 6 7 8 10 11 12 | 12.1
Summonings     | 2 6 7 8 10 12 | 12.5
Fighting       | 5 6 7 8 |  8.0
Dodging        | 8 9 10 | 10.9
Spellcasting   | 6 7 8 9 10 11 | 11.5
Invocations    | 1 3 5 7 8 9 |  9.3
Stealth        | 4 5 7 8 9 |  9.6
Bows           | 5 |  5.2

Action                   |  1- 3 |  4- 6 |  7- 9 | 10-12 | 13-15 || total
-------------------------+-------+-------+-------+-------+-------++-------
Melee: Short sword       |    36 |   115 |    14 |    15 |   106 ||   286
       Quarterstaff      |       |       |    84 |   226 |     7 ||   317
       Rapier            |       |       |    69 |    37 |       ||   106
       Longbow           |       |       |       |       |     1 ||     1
 Fire: Shortbow          |       |       |     3 |    26 |       ||    29
       Longbow           |       |       |       |    15 |   142 ||   157
 Cast: Freeze            |    44 |    15 |     1 |    46 |     3 ||   109
       Frozen Ramparts   |     3 |    16 |    37 |    97 |    76 ||   229
       Ozocubu's Armour  |       |     8 |     5 |    31 |    30 ||    74
       Summon Ice Beast  |       |     5 |    36 |   137 |    72 ||   250
       Hailstorm         |       |       |     1 |     8 |     8 ||    17
       Summon Forest     |       |       |       |     4 |     4 ||     8
       Blink             |       |       |       |       |    19 ||    19
       Summon Lightning  |       |       |       |       |    11 ||    11
       Dazzling Flash    |       |       |       |       |     2 ||     2
Invok: Channel Magic     |       |       |       |     1 |       ||     1
 Abil: Evoke Flight      |       |       |     2 |       |       ||     2
Evoke: Wand              |       |       |       |     1 |     2 ||     3
  Use: Scroll            |     2 |     9 |    10 |    13 |     5 ||    39
       Potion            |       |     2 |     2 |     2 |     3 ||     9
 Stab: Sleeping          |     1 |     2 |     5 |     4 |     1 ||    13
       Distracted        |       |       |     3 |     1 |     2 ||     6
Armor: Robe              |    10 |    47 |    44 |   124 |   111 ||   336
Dodge: Dodged            |    52 |   116 |   183 |   569 |   558 ||  1478
